 Dungeon Crawl Stone Soup version 0.22-a0-512-g0943f25 (webtiles) character file.

1549 inc the Transmogrifier (level 8, -9/42 HPs)
             Began as a Felid Transmuter on June 18, 2018.
             Was a Priest of Wu Jian.
             Mangled by an orc knight
             ... wielding a +0 halberd
              (14 damage)
             ... in a bailey.
             The game lasted 00:17:08 (7372 turns).

inc the Transmogrifier (Felid Transmuter)           Turns: 7372, Time: 00:17:09

Health: -9/42      AC:  2    Str:  7    XL:     8   Next: 57%
Magic:  21/21      EV: 20    Int: 15    God:    Wu Jian [***...]
Gold:   688        SH:  0    Dex: 19    Spells: 0/11 levels left
                                        Lives:  0   Deaths: 3

rFire    . . .     SeeInvis +     - Unarmed
rCold    . . .     Gourm    .   (shield unavailable)
rNeg     . . .     Faith    .   (armour unavailable)
rPois    .         Spirit   .   (helmet unavailable)
rElec    .         Reflect  .   (cloak unavailable)
rCorr    +         Harm     .   (gloves unavailable)
MR       +....                  (boots unavailable)
Stlth    ++........             j - amulet of regeneration
HPRegen  0.54/turn              r - ring of resist corrosion
MPRegen  0.17/turn              y - ring of magical power

@: quick
A: very small, no armour, no weapons or thrown items, stealth, claws 1, fangs 3,
see invisible, carnivore, speed 1, shaggy fur 2, slow metabolism 1, sharp paws
a: Wall Jump, Serpent's Lash, Renounce Religion


You were in a bailey.
You worshipped Wu Jian.
Wu Jian was most pleased with you.
You were not hungry.

You visited 1 branch of the dungeon, and saw 9 of its levels.
You also visited: Bailey.

You collected 688 gold pieces.

Inventory:

Missiles
 a - 73 arrows
Jewellery
 j - an amulet of regeneration (around neck)
 r - a ring of resist corrosion (left paw)
 y - a ring of magical power (right paw)
 C - an uncursed ring of stealth
Wands
 n - a wand of iceblast (15)
 v - a wand of flame (20)
 w - a wand of disintegration (21)
 x - a wand of enslavement (10)
 A - a wand of polymorph (14)
Scrolls
 b - 3 scrolls of blinking {unknown}
 d - 2 scrolls of noise {unknown}
 f - a scroll of immolation {unknown}
 i - 6 scrolls of amnesia {unknown}
 k - 4 scrolls of identify
 o - 2 scrolls of teleportation {unknown}
 q - a scroll of enchant weapon {unknown}
 s - 3 scrolls of fog {unknown}
 u - 4 scrolls of remove curse {unknown}
 B - a scroll of brand weapon {unknown}
Potions
 e - 2 potions of magic
 g - 2 potions of haste
 h - a potion of lignification
 l - 2 potions of resistance
 m - a potion of might
 p - a potion of mutation
 t - 2 potions of degeneration
 z - a potion of agility
 D - a potion of flight
Comestibles
 c - 13 rations


   Skills:
 - Level 9.0 Fighting
 - Level 4.6 Dodging
 - Level 8.5 Unarmed Combat
 - Level 2.0 Spellcasting
 - Level 3.2 Hexes
 + Level 9.4 Transmutations


You couldn't memorise any spells.
You knew the following spells:

 Your Spells              Type           Power        Failure   Level  Hunger
a - Beastly Appendage     Tmut           ####..       1%          1    #......
b - Spider Form           Tmut/Pois      ###.......   10%         3    ###....
c - Blade Hands           Tmut           ####......   13%         5    ######.
d - Confusing Touch       Hex            ##....       6%          1    #......
e - Passwall              Tmut/Erth      ###.....     4%          2    ###....

Your spell library contained the following spells:

 Spells                   Type           Power        Failure   Level  Hunger
 Confuse                  Hex            ##......     19%         3    ###....
 Stone Arrow              Conj/Erth      #.....       54%         3    ###....
 Ice Form                 Ice/Tmut       ###.....     32%         4    #####..
 Sticks to Snakes         Tmut           ####....     1%          2    ###....
 Metabolic Englaciation   Hex/Ice        #.........   97%         5    ######.
 Lee's Rapid Deconstruct  Erth           #.........   99%         5    ######.
 Sandblast                Erth           #.....       22%         1    #......
 Petrify                  Tmut/Erth      ###.....     32%         4    #####..
 Gell's Gravitas          Tloc           #.........   54%         3    ###....
 Yara's Violent Unravell  Hex/Tmut       ###.......   41%         5    ######.


Dungeon Overview and Level Annotations

Branches:
Dungeon (9/15)             Temple (0/1) D:7
   Lair: D:8-11         Orc: D:9-12

Altars:
Ashenzari
Cheibriados
Fedhas
Okawaru
Trog
Vehumet
Wu Jian
Yredelemnul


Innate Abilities, Weirdness & Mutations

You cannot wear armour.
You are incapable of wielding weapons or throwing items.
Your paws allow you to move quietly. (Stealth)
You have sharp claws.
You have razor-sharp teeth.
You have supernaturally acute eyesight. (SInv)
You are carnivorous and can eat meat at any time.
You cover ground quickly.
You are covered in thick fur. (AC +2)
You have a slow metabolism.
Your sharp claws are effective at attacking unaware monsters.


Message History

Your shape twists and changes as you die.
You are now level 8!
Your transformation has ended.
You rejoin the land of the living...
The Council accepts your kill.
Your Transmutations skill increases to level 9!
You feel a bit more experienced.
Things that are here:
a halberd; a scale mail The orc knight roars a battlecry!
The orc warriors go into a battle-frenzy!
There is an open door here.
The orc warrior hits you from afar with a bardiche!
The orc warrior hits you from afar with a glaive!!
Ouch! That really hurt!
* * * LOW HITPOINT WARNING * * *
The orc warrior misses you.
You have no room to wall jump there.
You open the door.
The orc knight hits you from afar with a halberd!
You die...

#.≈†#############+## #######.≈
#.≈)##.....##....§§...##.$$$.##.≈
#.≈..##...##..≈≈≈≈§§§..# ##..≈
#.≈≈..##.#'..≈§..§§§≈≈.. ##.)≈≈
##.≈≈..#†#..≈≈...⌠...≈≈. #..≈≈.
#∩.≈≈..#o#..≈≈.o⌠∩⌠..§§. #))≈≈.
#.≈≈..##.##..§§oo...≈≈.. ##.)≈≈
#.≈.)##.$.##.§≈§≈≈≈≈≈..+ ##..≈
#.≈.## ... ##§.§@.....# ##.≈
#.≈.#########'###'#############.≈
#.≈.......).)##.....##..........≈
#.≈≈≈≈≈≈≈≈≈≈..##.∩.##..≈≈≈≈≈≈≈≈≈≈
#..........≈≈..##.##..≈≈.........
##########..≈≈..###..≈≈..########
##..≈≈.....≈≈..## ##..≈≈≈≈≈≈≈..##
##.........##


You could see an orc knight and 2 orc warriors.

Vanquished Creatures
  Erica (D:8)
  Pikel (D:6)
  An orc knight (Bailey)
  Joseph (D:8)
  A hippogriff (D:9)
  Grum (D:8)
  An ice beast (D:9)
  3 sky beasts
  2 ogres
  3 orc warriors
  A phantom (D:7)
  3 wolves
  A centaur (D:7)
  A big kobold (D:7)
  A bullfrog (D:7)
  2 scorpions
  3 howler monkeys
  2 crimson imps
  A quasit (D:8)
  A centaur zombie (D:5)
  4 hounds
  2 orc priests
  2 centaur skeletons (D:4)
  4 orc wizards
  Jessica (D:2)
  3 iguanas
  7 worker ants
  8 adders
  4 gnolls
  A shadow imp (D:9)
  An adder zombie (D:6)
  2 adder skeletons
  A worm (D:3)
  3 dart slugs
  3 leopard geckos
  28 orcs
  3 ball pythons
  13 bats
  6 giant cockroaches
  7 goblins
  8 hobgoblins
  2 jackals (D:7)
  4 quokkas
  3 frilled lizards
  8 kobolds
  A leopard gecko skeleton (D:8)
  A quokka skeleton (D:4)
  A quokka zombie (D:9)
  3 rats (D:3)
  A fungus (D:2)
166 creatures vanquished.

Vanquished Creatures (others)
  A slave (D:6)
  A worker ant (D:6)
2 creatures vanquished.

Grand Total: 168 creatures vanquished

Notes
Turn   | Place    | Note
-------+----------+-------------------------------------------
     0 | D:1      | inc the Felid Transmuter began the quest for the Orb.
     0 | D:1      | Reached XP level 1. HP: 9/9 MP: 4/4
   161 | D:1      | Reached XP level 2. HP: 4/12 MP: 6/6
  1466 | D:2      | Reached XP level 3. HP: 4/15 MP: 5/7
  1527 | D:2      | Found a bloodstained altar of Trog.
  1527 | D:2      | Found an iron altar of Okawaru.
  1528 | D:2      | Found a shattered altar of Ashenzari.
  1529 | D:2      | Found an ornate altar of the Wu Jian Council.
  1529 | D:2      | Found a radiant altar of Vehumet.
  1546 | D:2      | Became a worshipper of the Wu Jian Council
  1675 | D:2      | Reached XP level 4. HP: 18/19 MP: 8/8
  1812 | D:2      | Noticed Jessica
  1821 | D:2      | Killed Jessica
  1821 | D:2      | Reached skill level 5 in Transmutations
  1849 | D:2      | Learned a level 3 spell: Spider Form
  1995 | D:3      | Reached XP level 5. HP: 21/22 MP: 3/9
  2426 | D:3      | HP: 1/22 [orc priest/divine providence (13)]
  2428 | D:3      | Slain by an orc
  2429 | D:3      | Reached XP level 4. HP: -1/19 MP: 3/8
  2475 | D:3      | Noticed an ogre
  2487 | D:3      | Killed an ogre
  2487 | D:3      | Reached XP level 5. HP: 22/22 MP: 6/9
  2660 | D:3      | Reached * piety under Wu Jian
  2863 | D:3      | Gained mutation: You are covered in thick fur. (AC +2) [Felid growth]
  2863 | D:3      | Reached XP level 6. HP: 20/27 MP: 7/10
  3467 | D:4      | Found a snail-covered altar of Cheibriados.
  3593 | D:5      | Entered Level 5 of the Dungeon
  3669 | D:5      | Reached XP level 7. HP: 12/33 MP: 11/11
  4020 | D:5      | Found a basalt altar of Yredelemnul.
  4170 | D:6      | Reached skill level 5 in Fighting
  4484 | D:6      | Reached ** piety under Wu Jian
  4790 | D:6      | Noticed Pikel
  4807 | D:6      | Killed Pikel
  4807 | D:6      | Reached XP level 8. HP: 7/40 MP: 8/12
  4998 | D:7      | Found a blossoming altar of Fedhas.
  5591 | D:7      | Found a staircase to the Ecumenical Temple.
  5789 | D:8      | Noticed Grum
  5802 | D:8      | Reached skill level 5 in Unarmed Combat
  5812 | D:8      | Reached XP level 9. HP: 24/45 MP: 11/13
  5856 | D:8      | Killed Grum
  6169 | D:8      | Noticed Erica
  6171 | D:8      | Reached *** piety under Wu Jian
  6189 | D:8      | Killed Erica
  6273 | D:8      | Noticed Joseph
  6295 | D:8      | HP: 2/45 [Joseph/uncursed quarterstaff (7)]
  6296 | D:8      | Killed Joseph
  6860 | D:8      | Learned a level 5 spell: Blade Hands
  6862 | D:8      | Learned a level 1 spell: Confusing Touch
  6933 | D:9      | Reached skill level 1 in Hexes
  7042 | D:9      | Reached XP level 10. HP: 49/49 MP: 14/14
  7088 | D:9      | Found a flagged portal.
  7097 | D:9      | Learned a level 2 spell: Passwall
  7101 | Bailey   | Entered a bailey
  7204 | Bailey   | Noticed an orc knight
  7216 | Bailey   | Noticed an orc knight
  7233 | Bailey   | Mangled by an orc warrior
  7234 | Bailey   | Reached XP level 9. HP: -7/45 MP: 21/22
  7339 | Bailey   | HP: 2/45 [orc knight/trident (28)]
  7343 | Bailey   | Demolished by an orc knight
  7344 | Bailey   | Reached XP level 8. HP: -16/42 MP: 21/21
  7358 | Bailey   | Killed an orc knight
  7372 | Bailey   | Mangled by an orc knight

Vault maps used:
D:1:      sevenhm_arrival_forest_fort_large_4
D:2:      grunt_temple_overflow_open, minmay_gold_behind_fungi, uniq_jessica
D:4:      nicolae_overflow_crystal_walls, first_ration, grunt_ministairs_13
D:5:      kennysheep_little_box, grunt_ministairs_11
D:6:      uniq_pikel
D:7:      overflow_temple_1_default, minmay_temple_entry_large_hall
D:8:      uniq_grum, uniq_joseph, uniq_erica
D:9:      nicolae_overflow_hidden_temple, nemelex_xobeh_ov_fountains_minmay,
          enter_bailey_2
Bailey:   bailey_polearm_1, bailey

Skill      XL: |  1  2  3  4  5  6  7  8  9 10 |
---------------+-------------------------------+-----
Transmutations | 3 4 5 6 9 8 |  9.4
Dodging        | 4 3 |  4.6
Fighting       | 2 4 8 9 |  9.0
Unarmed Combat | 5 8 |  8.5
Hexes          | 2 3 |  3.2
Spellcasting   | |  2.0

Action                   |  1- 3 |  4- 6 |  7- 9 | 10-12 || total
-------------------------+-------+-------+-------+-------++-------
Melee: Unarmed           |   112 |   172 |   433 |    36 ||   753
       Headbutt          |     8 |     1 |       |       ||     9
       Bite              |     6 |    13 |     8 |     1 ||    28
       Punch             |       |       |     3 |       ||     3
 Cast: Beastly Appendage |     7 |     1 |       |       ||     8
       Spider Form       |       |    11 |    37 |     3 ||    51
Invok: Lunge             |       |    16 |    27 |     8 ||    51
       Whirlwind         |       |       |    36 |     2 ||    38
       Wall Jump         |       |       |     9 |     4 ||    13
  Use: Scroll            |       |       |     7 |     2 ||     9
       Potion            |       |       |     2 |     1 ||     3
 Stab: Sleeping          |     7 |     5 |     2 |     3 ||    17
       Distracted        |       |     1 |       |       ||     1
       Invisible         |       |       |     2 |       ||     2
  Eat: Chunk             |     1 |    11 |    19 |     2 ||    33
Armor: Skin              |     7 |     5 |    15 |     2 ||    29
Dodge: Dodged            |    92 |   113 |   319 |    29 ||   553

Table legend:
 A = Spawn XP
 B = Non-spawn XP
 C = Spawn XP percentage of total XP
 D = Spawn monster count
 E = Non-spawn monster count
 F = Spawn count percentage of total count
 G = Total turns spent on level
                    A         B        C        D         E        F      G
               +---------+---------+-------+---------+---------+-------+---------
         Total |       0 |    6825 |   0.0 |       0 |     165 |   0.0 |  7372
               +---------+---------+-------+---------+---------+-------+---------
           D:1 |       0 |      24 |   0.0 |       0 |      12 |   0.0 |  1203
           D:2 |       0 |     123 |   0.0 |       0 |      25 |   0.0 |   775
           D:3 |       0 |     405 |   0.0 |       0 |      30 |   0.0 |  1053
           D:4 |       0 |     295 |   0.0 |       0 |       9 |   0.0 |   562
           D:5 |       0 |      91 |   0.0 |       0 |       7 |   0.0 |   569
           D:6 |       0 |     961 |   0.0 |       0 |      16 |   0.0 |   884
           D:7 |       0 |     862 |   0.0 |       0 |      21 |   0.0 |   705
           D:8 |       0 |    2440 |   0.0 |       0 |      21 |   0.0 |  1146
           D:9 |       0 |     708 |   0.0 |       0 |      13 |   0.0 |   204
        Bailey |       0 |     916 |   0.0 |       0 |      11 |   0.0 |   271
               +---------+---------+-------+---------+---------+-------+---------
